 Dungeon Crawl Stone Soup version 0.27.0-1-g7a089689b8 (webtiles) character file.

Game seed: 325903459292413499

9 KamiKatze the Shield-Bearer (level 2, -2/19 HPs)
             Began as a Gargoyle Fighter on July 31, 2021.
             Slain by Sigmund (5 damage)
             ... on level 2 of the Dungeon.
             The game lasted 00:02:35 (921 turns).

KamiKatze the Shield-Bearer (Gargoyle Fighter)       Turns: 921, Time: 00:02:36

Health: -2/19      AC:  9    Str: 19    XL:     2   Next: 16%
Magic:  2/2        EV:  4    Int:  8    God:
Gold:   39         SH:  9    Dex:  9    Spells: 1/1 levels left

rFire    . . .     SeeInvis .   a - +0 war axe
rCold    . . .     Faith    .   c - +0 kite shield
rNeg     + . .     Spirit   .   b - +0 scale mail
rPois    ∞         Reflect  .   (no helmet)
rElec    +         Harm     .   (no cloak)
rCorr    .         Rampage  .   (no gloves)
Will     .....                  (no boots)
Stlth    ..........             (no amulet)
HPRegen  0.06/turn              (no ring)
MPRegen  0.08/turn              (no ring)

@: mighty, constricted
A: sickness immunity, AC +2, negative energy resistance 1, electricity
resistance, torment resistance 1, petrification resistance
a: no special abilities


You were on level 2 of the Dungeon.
You visited 1 branch of the dungeon, and saw 2 of its levels.

You collected 39 gold pieces.

Inventory:

Hand Weapons
 a - a +0 war axe (weapon)
Armour
 b - a +0 scale mail (worn)
 c - a +0 kite shield (worn)
 f - a +0 plate armour
Scrolls
 g - a scroll of immolation {unknown}
 h - a scroll of blinking {unknown}
 i - a scroll of identify {unknown}
 j - a scroll of enchant armour {unknown}
 l - a scroll of amnesia {unknown}
Potions
 e - 2 potions of lignification {unknown}
 k - a potion of mutation {unknown}
 m - a potion of flight {unknown}


   Skills:
 + Level 3.4 Fighting
 * Level 2.1 Axes
 - Level 3.2 Armour
 * Level 3.5 Shields


You had one spell level left.
You didn't know any spells.
Your spell library was empty.

Dungeon Overview and Level Annotations

Branches:
Dungeon (2/15)

Altars:

Annotations:
D:2 Sigmund


Innate Abilities, Weirdness & Mutations

You are immune to sickness and miasma.
Your stone body is resilient. (AC +2)
You are immune to poison.
You resist negative energy. (rN+)
You are resistant to electric shocks. (rElec)
You are resistant to unholy torment.
You are immune to petrification.


Message History

A jackal comes into view.
You block Sigmund's attack. The jackal bites you.
Unknown command.
You barely miss Sigmund.
The jackal barks!
You hit the jackal. You closely miss the jackal. The jackal bites you.
The jackal bites you but does no damage.
Sigmund hits you with a +0 scythe. The jackal barely misses you.
Sigmund completely misses you. You block the jackal's attack.
The jackal bites you but does no damage.
You barely miss Sigmund. You closely miss the jackal. You slash the jackal!
You kill the jackal!
The jackal bites you but does no damage.
Sigmund barely misses you.
The ball python bites you but does no damage.
The ball python grabs you. The ball python constricts you.
The jackal barely misses you.
You slice Sigmund!!
Sigmund is severely wounded.
You closely miss the ball python. You hit the jackal.
You kill the jackal!
The ball python barely misses you. The ball python constricts you.
Sigmund hits you with a +0 scythe.
* * * LOW HITPOINT WARNING * * *
A rat comes into view.
The ball python bites you but does no damage.
The ball python constricts you.
The jackal bites you but does no damage.
You block Sigmund's attack.
You closely miss Sigmund.
Sigmund is severely wounded.
You slash the jackal!
You kill the jackal!
You closely miss the ball python. You block the ball python's attack.
* * * LOW HITPOINT WARNING * * *
The ball python constricts you. Sigmund hits you with a +0 scythe.
* * * LOW HITPOINT WARNING * * *
The ball python bites you but does no damage.
The ball python constricts you. Sigmund hits you with a +0 scythe.
You die...

##########
#<.......#
#........#
#...@....#
#..S†@...#
#........#
#.......$#
#........#
#......r..#
#.....?(..#
#.........#


You could see Sigmund, a ball python and a rat.

Vanquished Creatures
  A giant cockroach (D:1)
  2 hobgoblins (D:1)
  3 jackals (D:2)
  A ball python (D:1)
  2 frilled lizards (D:1)
  A rat (D:1)
10 creatures vanquished.

Notes
Turn   | Place    | Note
-------+----------+-------------------------------------------
     0 | D:1      | KamiKatze the Gargoyle Fighter began the quest for the Orb.
     0 | D:1      | Reached XP level 1. HP: 14/14 MP: 1/1
    68 | D:1      | Found a faded altar of an unknown god.
   687 | D:1      | Reached XP level 2. HP: 19/19 MP: 2/2
   912 | D:2      | Noticed Sigmund
   921 | D:2      | Slain by Sigmund

Illustrated notes

Levels and vault maps discovered:
D:1:      dpeg_arrival_round_a, layout_loops_ring,
          ebering_ecumenical_altar_ruins, minmay_crystal_water,
          minmay_misc_feat_doors, minivault_24, chequers_serial_rivers_small_a
D:2:      layout_rooms, uniq_sigmund

Skill      XL: |  1 |
---------------+----+-----
Axes           | 2 |  2.1
Fighting       | |  3.4
Armour         | |  3.2
Shields        | |  3.5

Action                   || total
-------------------------++-------
Melee: War axe           ||    28
  Use: Potion            ||     1
Armor: Scale mail        ||    19
Dodge: Dodged            ||    14
Block: Kite shield       ||    16
